AoeStats
← AiM | CyclopsTron

QS Arena

503545322Analyzed
4v4 RM · 1mo ago on Sep 1, 2026· 35m 50s· 8 players
Game mode
Random Map
Map size
Large (8 player)
Population
200
Speed
Normal
Resources
Standard
Victory
Conquest
Starting age
Dark Age
Ending age
Imperial Age
RankedLock teamsTeams togetherTeam positionsShared explorationLock speedFull tech treeHidden civsTurbo modeCheats
Victory
Defeat
🇲🇽 Spanish · Mexico
1617
+11
🇨🇱 Khmer · Chile
1595
+12
🇲🇽 Burgundians · Mexico
1496
+17
🇦🇷 Cumans · Argentina
1438
+19
🇨🇳 Bohemians · China
1579
-18
🇻🇳 Franks · Vietnam
1553
-17
🇺🇸 Turks · United States
1460
-13
🇨🇦 Spanish · Canada
1458
-12
AiM | CyclopsTron
8:07 Feudal Age
11:52 Castle Age
10:16 Double-Bit Axe
13:00 Horse Collar
14:04 Loom
26:33 Wheelbarrow
27:38 Town Watch
30:56 Heavy Plow
31:54 Hand Cart
32:05 Stone Mining
35:30 Imperial Age
34:00 Bow Saw
36:33 Supremacy
35:44 Sappers
AiM | Fubuki Sinri
7:07 Feudal Age
6:41 Double-Bit Axe
7:38 Horse Collar
8:13 Bow Saw
11:57 Horse Collar
14:07 Heavy Plow
19:17 Castle Age
17:30 Gold Mining
19:17 Gold Shaft Mining
18:32 Stone Mining
23:47 Imperial Age
23:46 Wheelbarrow
22:56 Town Watch
25:33 Chemistry
26:03 Padded Archer Armor
27:17 Two-Man Saw
27:37 Loom
29:37 Leather Archer Armor
31:26 Hand Cart
31:11 Town Patrol
32:51 Town Patrol
34:14 Crop Rotation
33:37 Stone Mining
36:16 Ballistics
36:30 Conscription
AiM | EleuieseKa
8:13 Feudal Age
12:10 Castle Age
10:08 Double-Bit Axe
10:32 Horse Collar
13:21 Bow Saw
15:29 Wheelbarrow
19:25 Gold Mining
19:26 Stone Mining
21:06 Hand Cart
20:38 Loom
25:08 Imperial Age
23:46 Scale Barding Armor
23:52 Forging
23:54 Bloodlines
23:44 Husbandry
24:07 Tusk Swords
25:32 Chain Barding Armor
26:30 Gold Shaft Mining
26:31 Stone Shaft Mining
25:40 Elite Battle Elephant
27:17 Plate Barding Armor
27:12 Conscription
28:21 Iron Casting
29:02 Light Cavalry
31:17 Blast Furnace
32:33 Heavy Plow
35:23 Fletching
35:33 Padded Archer Armor
35:34 Scale Mail Armor
35:18 Elite Ballista Elephant
36:52 Crop Rotation
AIM | Agua cate 98
6:32 Feudal Age
11:42 Horse Collar
12:14 Loom
16:05 Double-Bit Axe
18:32 Wheelbarrow
22:34 Castle Age
21:26 Gold Mining
21:52 Scale Barding Armor
21:58 Forging
22:12 Forging
22:49 Bloodlines
23:58 Chain Barding Armor
23:59 Bow Saw
23:52 Heavy Plow
26:42 Iron Casting
30:10 Hand Cart
32:57 Imperial Age
30:56 Town Watch
33:44 Imperial Age
32:41 Gold Shaft Mining
33:14 Capped Ram
34:01 Elite Steppe Lancer
35:19 Plate Barding Armor
35:46 Blast Furnace
34:12 Siege Ram
Cinnamoroll
6:28 Loom
8:30 Feudal Age
11:57 Castle Age
9:48 Horse Collar
10:15 Double-Bit Axe
10:34 Loom
13:08 Bow Saw
23:36 Wheelbarrow
23:03 Stone Mining
23:37 Gold Mining
23:51 Heavy Plow
24:07 Town Watch
25:07 Scale Barding Armor
25:51 Sanctity
25:41 Fervor
26:09 Chain Barding Armor
27:15 Redemption
26:58 Fletching
27:51 Inquisition
28:44 Bodkin Arrow
Morningstar
2:37 Loom
9:37 Feudal Age
14:00 Castle Age
12:24 Double-Bit Axe
17:32 Horse Collar
18:05 Bow Saw
17:51 Gold Mining
20:57 Heavy Plow
20:59 Stone Mining
23:56 Wheelbarrow
26:44 Gold Shaft Mining
26:03 Town Watch
26:38 Hand Cart
27:28 Treadmill Crane
28:35 Fletching
29:16 Ballistics
29:20 Sipahi
29:31 Bloodlines
29:22 Husbandry
29:47 Bodkin Arrow
30:36 Padded Archer Armor
30:45 Thumb Ring
31:52 Leather Archer Armor
32:09 Fortified Wall
32:38 Murder Holes
35:45 Imperial Age
33:44 Masonry
7:42 Feudal Age
11:25 Castle Age
9:49 Double-Bit Axe
18:48 Wheelbarrow
18:18 Loom
24:14 Bow Saw
25:11 Gold Mining
26:09 Scale Barding Armor
30:13 Imperial Age
27:59 Husbandry
28:57 Chain Barding Armor
29:40 Forging
随之任之
8:42 Feudal Age
10:33 Double-Bit Axe
12:54 Castle Age
10:52 Horse Collar
14:41 Bow Saw
19:59 Wagenburg Tactics
30:28 Imperial Age
27:47 Loom
27:48 Town Watch
Connection lost

Rejoining the realm…

Still unreachable

The connection could not be restored.

Session expired

The server has moved on; the page needs a fresh start.